 Dungeon Crawl Stone Soup version 0.29-a0-1023-g6ae1a4a2c7 (webtiles) character file.

Game seed: 17000157849330269558

124 nickcage the Poker (level 5, -3/38 HPs)
             Began as a Merfolk Gladiator on Aug 11, 2022.
             Killed from afar by an orc wizard (4 damage)
             ... with a magic dart
             ... on level 3 of the Dungeon.
             The game lasted 00:05:02 (2438 turns).

nickcage the Poker (Merfolk Gladiator)              Turns: 2438, Time: 00:05:03

Health: -3/38      AC:  7    Str: 17    XL:     5   Next: 8%
Magic:  5/5        EV: 13    Int:  7    God:
Gold:   193        SH:  0    Dex: 15    Spells: 4/4 levels left

rFire   . . .      SeeInvis .   a - +0 trident
rCold   . . .      Faith    .   (no shield)
rNeg    . . .      Spirit   .   j - +3 leather armour
rPois   .          Reflect  .   c - +0 helmet
rElec   .          Harm     .   (no cloak)
rCorr   .          Rampage  .   (no gloves)
Will    .....                   (no boots)
Stlth   +.........              (no amulet)
HPRegen 0.12/turn               (no ring)
MPRegen 0.09/turn               (no ring)

@: no status effects
A: (nimble swimmer 2), mertail
a: no special abilities


You were on level 3 of the Dungeon.
You visited 1 branch of the dungeon, and saw 3 of its levels.

You collected 193 gold pieces.

Inventory:

Hand Weapons
 a - a +0 trident (weapon)
Missiles
 d - 3 throwing nets
 e - a javelin
 f - 3 poisoned darts (quivered)
Armour
 b - a +0 leather armour
 c - a +0 helmet (worn)
 h - a +0 ring mail
 j - a +3 leather armour (worn)
Jewellery
 u - a ring of fire
Scrolls
 g - a scroll of noise
 q - 2 scrolls of teleportation
Potions
 i - a potion of magic {unknown}
 l - a potion of degeneration {unknown}
 m - 2 potions of curing
 p - a potion of mutation {unknown}
 r - a potion of berserk rage {unknown}
 s - a potion of cancellation {unknown}
 t - a potion of haste {unknown}


   Skills:
 - Level 2.1 Fighting
 + Level 7.4 Polearms
 - Level 2.0 Throwing
 - Level 4.0 Dodging


You had 4 spell levels left.
You didn't know any spells.
Your spell library was empty.

Dungeon Overview and Level Annotations

Branches:
Dungeon (3/15)

Altars:

Shops:
D:3 *


Innate Abilities, Weirdness & Mutations

((You are very nimble when in or above water. (Stealth+, EV+, Speed+++)))
Your lower body shifts to a powerful aquatic tail in water.


Message History

You closely miss something. Something hits you.
You barely miss something. Something hits you but does no damage.
You hit something.
You hear some strange, mumbled words.
A puff of flame appears from out of thin air!
The puff of flame misses you.
You miss something. Something hits you but does no damage.
You miss something. Something hits you.
You closely miss something. Something hits you but does no damage.
You miss something. Something hits you.
You miss something.
You hear some strange, mumbled words.
You are confused.
You miss something. Something hits you.
Found Irasebli's Assorted Antiques.
Something hits you but does no damage.
You see here a +0 dagger.
Something hits you but does no damage.
Found a stone staircase leading down.
A hobgoblin comes into view.
You hear some strange, mumbled words.
A magic dart appears from out of thin air!
The magic dart hits you.
You feel less confused.
The hobgoblin shouts!
You hear a shout!
You hear some strange, mumbled words.
Something tries to affect you, but you resist.
You hear some strange, mumbled words.
A puff of flame appears from out of thin air!
The puff of flame hits you!
* * * LOW HITPOINT WARNING * * *
You miss something. You miss something. Something hits you but does no damage.
You barely miss something. Something hits you.
* * * LOW HITPOINT WARNING * * *
You barely miss something. Something hits you.
* * * LOW HITPOINT WARNING * * *
You barely miss something.
You hear some strange, mumbled words.
A magic dart appears from out of thin air!
The magic dart hits you.
You die...

... ####.##### #........# #
#........# .. #........# ...
#........#
..∩.##(.......#....
..>................b
#..###..@g....#.....### #..
#.{.......o.......## #..
#..)................
#..###†)............... .
####..#...~~~.....~P♣~P...##
#.....#.#♣♣♣♣~~~♣♣~P ♣..<.
.#.##....♣♣~~~~♣♣♣
~~~~~~~.#. ....♣P..P~~~~~~~
~~P~~~.#. #♣~~...........
.........


You could see an orc and a hobgoblin.

Vanquished Creatures
  Robin (D:2)
  4 adders (D:2)
  A worm (D:3)
  2 dart slugs (D:1)
  3 orcs (D:3)
  7 endoplasms
  4 giant cockroaches
  10 goblins
  4 hobgoblins (D:2)
  4 jackals (D:3)
  4 kobolds
  4 quokkas
  9 ball pythons
  A bat (D:3)
  A frilled lizard (D:1)
  4 rats
63 creatures vanquished.

Vanquished Creatures (others)
  5 plants (D:3)
5 creatures vanquished.

Grand Total: 68 creatures vanquished

Notes
Turn   | Place    | Note
-------+----------+-------------------------------------------
     0 | D:1      | nickcage the Merfolk Gladiator began the quest for the Orb.
     0 | D:1      | Reached XP level 1. HP: 16/16 MP: 1/1
   346 | D:1      | Found a faded altar of an unknown god.
   377 | D:1      | Reached XP level 2. HP: 22/22 MP: 2/2
   551 | D:1      | Reached skill level 5 in Polearms
  1050 | D:2      | Reached XP level 3. HP: 26/27 MP: 3/3
  1436 | D:2      | Reached skill level 6 in Polearms
  1506 | D:2      | Reached XP level 4. HP: 33/33 MP: 4/4
  1545 | D:2      | Noticed Robin
  1553 | D:2      | Killed Robin
  1557 | D:2      | Reached skill level 7 in Polearms
  2384 | D:3      | Reached XP level 5. HP: 37/38 MP: 5/5
  2428 | D:3      | Found Irasebli's Assorted Antiques.
  2437 | D:3      | HP: 1/38 [something (2)]
  2438 | D:3      | Killed from afar by an orc wizard

Illustrated notes

Levels and vault maps discovered:
D:1:      dpeg_arrival_three_smaller_balls, layout_loops_ring,
          ebering_ecumenical_altar_petrified
D:2:      layout_basic, minmay_tetromino_s2, uniq_robin
D:3:      layout_basic, mainiacjoe_overflow_alcove_2, serial_shops, shop,
          minmay_door_square, interstate_on_off, serial_bayou_lagoon_b

Skill      XL: |  1  2  3  4 |
---------------+-------------+-----
Polearms       | 5 6 7 |  7.4
Fighting       | |  2.1
Throwing       | |  2.0
Dodging        | |  4.0

Action                   |  1- 3 |  4- 6 || total
-------------------------+-------+-------++-------
Melee: Trident           |   105 |   124 ||   229
       Punch             |       |     1 ||     1
  Use: Scroll            |       |     5 ||     5
Armor: Ring mail         |     3 |       ||     3
       Leather armour    |    23 |    41 ||    64
Dodge: Dodged            |    55 |    63 ||   118

Table legend: (Time is in decaauts)
 A = Elapsed time spent in this place.
 B = Non-inter-level travel time spent in this place.
 C = Inter-level travel time spent in this place.
 D = Time resting spent in this place.
 E = Time spent auto-exploring this place.
 F = Levels seen in this place.
 G = Mean time per level.
                   A        B        C        D        E       F      G
               +--------+--------+--------+--------+--------+-----+--------+
         Total |   2432 |   2285 |    147 |    476 |   1381 |   3 |  810.7 |
       Dungeon |   2432 |   2285 |    147 |    476 |   1381 |   3 |  810.7 |
               +--------+--------+--------+--------+--------+-----+--------+

Top non-repeatable levels by time:
     D:2: 1217 daAuts
     D:1: 1015 daAuts
     D:3: 199 daAuts
